 Dungeon Crawl Stone Soup version 0.20.0-10-g0535bb4 (webtiles) character file.

1813 tof the Basher (level 8, -3/70 HPs)
             Began as a Minotaur Berserker on June 5, 2017.
             Was an Elder of Trog.
             Slain by an orc warrior
             ... wielding a +0 mace
              (9 damage)
             ... on level 7 of the Dungeon.
             The game lasted 00:12:33 (6512 turns).

tof the Basher (Minotaur Berserker)                 Turns: 6512, Time: 00:12:34

Health: -3/70      AC: 15    Str: 23    XL:     8   Next: 84%
Magic:  7/7        EV:  8    Int:  4    God:    Trog [****..]
Gold:   323        SH:  2    Dex: 11    Spells: 7/7 levels left

rFire    . . .     SeeInvis .   D - +2 mace (holy)
rCold    . . .     Gourm    .   (no shield)
rNeg     . . .     Faith    .   C - +0 plate armour
rPois    +         Spirit   .   (helmet restricted)
rElec    .         Reflect  +   (no cloak)
rCorr    .         Harm     .   (no gloves)
MR       .....                  p - +1 pair of boots
Stlth    ..........             m - +2 amulet of reflection
Regen    0.3/turn               u - ring of poison resistance
MPRegen  0.1/turn               x - +3 ring of slaying

@: slowed, very slow
A: retaliatory headbutt, horns 2
a: Berserk, Trog's Hand, Brothers in Arms, Burn Spellbooks, Renounce Religion


You were on level 7 of the Dungeon.
You worshipped Trog.
Trog was greatly pleased with you.
You were not hungry.

You visited 1 branch of the dungeon, and saw 7 of its levels.
You also visited: Sewer.

You collected 323 gold pieces.

Inventory:

Hand Weapons
 D - a +2 mace of holy wrath (weapon)
Armour
 p - a +1 pair of boots (worn)
 C - a +0 plate armour (worn)
Jewellery
 m - a +2 amulet of reflection (around neck)
 u - a ring of poison resistance (left hand)
 x - a +3 ring of slaying (right hand)
Wands
 b - a wand of flame (29/48)
 A - a wand of random effects (27/48)
Scrolls
 d - 8 scrolls of teleportation
 h - 4 scrolls of remove curse
 l - a scroll of enchant weapon
 n - 2 scrolls of fog
 q - a scroll of enchant armour
 v - 2 scrolls of recharging
 y - a scroll of blinking {unknown}
Potions
 e - 3 potions of resistance {unknown}
 j - 4 potions of might {unknown}
 k - 2 potions of heal wounds {unknown}
 r - 5 potions of curing {unknown}
 t - 3 potions of agility {unknown}
 z - a potion of degeneration {unknown}
 B - 3 potions of flight {unknown}
Books
 f - a book of Maledictions

   Spells                             Type                      Level
   a - Corona                         Hexes                        1
   b - Ensorcelled Hibernation        Hexes/Ice                    2
   c - Confuse                        Hexes                        3
   d - Tukima's Dance                 Hexes                        3
   e - Dazzling Spray                 Conjuration/Hexes            3
   Trog disapproves of the use of such an item.
Comestibles
 c - 6 bread rations
 g - 10 fruits
 i - 4 royal jellies
 o - 4 meat rations
 s - 3 chunks of flesh


   Skills:
 + Level 5.8 Fighting
 * Level 10.5 Maces & Flails
 * Level 7.3 Armour
 + Level 4.2 Dodging
 + Level 0.6 Stealth


You had 7 spell levels left.
You didn't know any spells.

Dungeon Overview and Level Annotations

Branches:
Dungeon (7/15)             Temple (0/1) D:4

Altars:
Fedhas
Gozag
Hepliaklqana
Makhleb
Xom
Yredelemnul
The Shining One


Innate Abilities, Weirdness & Mutations

You reflexively headbutt those who attack you in melee.
You have a pair of horns on your head.


Message History

The orc warrior is moderately wounded.
You block the orc warrior's attack.
Your plate armour prevents you from hitting the orc warrior.
You headbutt the orc warrior, but do no damage.
The orc warrior is moderately wounded.
The orc wizard mumbles some strange words.
The orc wizard blinks!
The orc warrior barely misses you.
You hit the orc warrior.
The orc warrior is moderately wounded.
The orc warrior hits you with a mace!
* * * LOW HITPOINT WARNING * * *
You hit the orc warrior but do no damage.
The orc warrior is moderately wounded.
The orc warrior hits you with a mace!
* * * LOW HITPOINT WARNING * * *
You closely miss the orc warrior.
You headbutt the orc warrior, but do no damage.
The orc warrior is moderately wounded.
The orc warrior hits you with a mace!
You die...

,,,..,*,#.#
***.#.#,#.#
*,*,#.#.#########
*,*,#...........#
***,*,##########.##
,,*,*,,,,,,,,,,#.#
*,*,*********,,#.#
*,*,,<,,,,**,,,#.#
*,*,*****,**,,,#@#
,_,,* *,,,,,,,,#o#
*,*****,*,*,,,,#o#
*,,,,,,,,,*,,,,#o#
*******,*,,,,,,#.#*
* *,*,,,,,,...*
*,*,,,,,,###*
*,*,,,,,**
***,*,*****


You could see an orc warrior, an orc wizard and an orc.

Vanquished Creatures
  A hornet (D:6)
  A human (D:6)
  A hungry ghost (D:3)
  2 orc warriors
  An ogre (D:5)
  3 phantoms (D:6)
  A centaur (D:4)
  2 bullfrogs (D:6)
  A hound (D:4)
  A jelly (D:6)
  7 orc wizards
  A centaur zombie (D:5)
  2 worker ants
  A hound zombie (D:5)
  7 adders
  3 gnolls (D:6)
  2 oozes
  An adder skeleton (D:5)
  3 worms (D:3)
  2 dart slugs
  7 leopard geckos
  24 orcs
  A ball python (Sewer)
  13 bats
  5 giant cockroaches
  9 hobgoblins
  11 jackals
  3 quokkas
  10 frilled lizards
  11 goblins
  6 kobolds
  A quokka skeleton (D:6)
  10 rats
154 creatures vanquished.

Notes
Turn   | Place    | Note
-------+----------+-------------------------------------------
     0 | D:1      | tof the Minotaur Berserker began the quest for the Orb.
     0 | D:1      | Reached XP level 1. HP: 19/19 MP: 0/0
   154 | D:1      | Reached skill level 4 in Maces & Flails
   232 | D:1      | Reached XP level 2. HP: 17/27 MP: 1/1
   658 | D:1      | Reached ** piety under Trog
   924 | D:2      | Reached XP level 3. HP: 27/33 MP: 2/2
  1227 | D:2      | Reached skill level 5 in Maces & Flails
  1917 | D:3      | Reached XP level 4. HP: 40/40 MP: 3/3
  2246 | D:3      | Reached XP level 5. HP: 44/46 MP: 4/4
  2543 | D:3      | Reached *** piety under Trog
  2573 | D:3      | Noticed a hungry ghost
  2581 | D:3      | Killed a hungry ghost
  2581 | D:3      | Reached skill level 6 in Maces & Flails
  2581 | D:3      | Reached XP level 6. HP: 53/53 MP: 5/5
  3275 | D:3      | Found a sparkling altar of Nemelex Xobeh.
  3277 | D:3      | Found a shimmering altar of Xom.
  3277 | D:3      | Found a hazy altar of Hepliaklqana.
  3280 | D:3      | Found an opulent altar of Gozag.
  3280 | D:3      | Found a blossoming altar of Fedhas.
  3280 | D:3      | Found a shimmering altar of Xom.
  3467 | D:4      | Reached skill level 7 in Maces & Flails
  3472 | D:4      | Found a staircase to the Ecumenical Temple.
  3865 | D:4      | Reached XP level 7. HP: 58/60 MP: 6/6
  4386 | D:5      | Entered Level 5 of the Dungeon
  4479 | D:5      | Reached skill level 5 in Fighting
  4479 | D:5      | Reached skill level 8 in Maces & Flails
  4571 | D:5      | Reached **** piety under Trog
  4896 | D:5      | Found a burning altar of Makhleb.
  5130 | D:5      | Found a glowing golden altar of the Shining One.
  5204 | D:6      | Reached skill level 5 in Armour
  5311 | D:6      | Noticed a human
  5312 | D:6      | Found a runed door.
  5316 | D:6      | Found a basalt altar of Yredelemnul.
  5328 | D:6      | Killed a human
  5328 | D:6      | Reached skill level 9 in Maces & Flails
  5328 | D:6      | Reached XP level 8. HP: 66/68 MP: 7/7
  5412 | D:6      | Noticed a hornet
  5421 | D:6      | Paralysed by a hornet for 2 turns
  5431 | D:6      | Killed a hornet
  5749 | D:6      | Found a glowing drain.
  5778 | Sewer    | Entered a sewer
  6180 | D:6      | Reached skill level 10 in Maces & Flails
  6512 | D:7      | Slain by an orc warrior

Skill      XL: |  1  2  3  4  5  6  7  8 |
---------------+-------------------------+-----
Maces & Flails | 4 5 6 7 9 10 | 10.5
Fighting       | 4 5 |  5.8
Dodging        | 3 4 |  4.2
Armour         | 3 4 6 7 |  7.3
Stealth        | |  0.6

Action                   |  1- 3 |  4- 6 |  7- 9 || total
-------------------------+-------+-------+-------++-------
Melee: Mace              |    99 |    98 |   172 ||   369
       Headbutt          |     9 |    17 |    36 ||    62
Invok: Berserk           |       |     3 |     1 ||     4
       Trog's Hand       |       |     1 |       ||     1
  Use: Scroll            |       |     3 |     7 ||    10
  Eat: Chunk             |     3 |     9 |    10 ||    22
Armor: Animal skin       |    13 |     2 |       ||    15
       Ring mail         |       |    20 |     2 ||    22
       Plate armour      |       |       |    95 ||    95
Dodge: Dodged            |    55 |    68 |    55 ||   178
Block: Other             |       |     7 |    18 ||    25
